General information
- name: BNet
- type: Ladder 1vs1/FFA
- host: Battle.net
- saver: ROTS19
map: LostTemple
- players: 2
- length: 17:19
- speed: Fast
- version: 1.24 W3XP
- replay type: Public
» download(43 KB)
Players
team 1 (winner)

»
ROTS19 (
purple | 60 APM | 1042 actions | 17:19)
4 Mountain King
2 Storm Bolt
2 Bash
3 Blood Mage
2 Banish
1 Siphon Mana
1 Paladin
1 Holy Light
» actions
| Assign group hotkey | 25 | |
| Basic commands | 48 | |
| Build / train | 74 | |
| ESC pressed | 2 | |
| Enter build submenu | 30 | |
| Enter hero's abilities submenu | 8 | |
| Right click | 348 | |
| Select / deselect | 261 | |
| Select group hotkey | 190 | |
| Use ability | 56 | |
1042 total
» units
| Peasant | 15 | |
| Footman | 11 | |
| Priest | 3 | |
| Mortar Team | 4 | |
| Knight | 1 | |
34 total
» upgrades
| Masonry | 3 | |
| Magic Sentry | 1 | |
| Priest Training | 2 | |
| Swords | 1 | |
| Defend | 1 | |
| Animal War Training | 1 | |
| Gunpowder | 2 | |
| Lumber Harvesting | 1 | |
| Flare | 1 | |
| Fragmentation Shards | 1 | |
14 total
» buildings
| Altar of Kings | 1 | |
| Barracks | 1 | |
| Farm | 10 | |
| Lumber Mill | 1 | |
| Scout Tower | 7 | |
| Keep | 1 | |
| Town Hall | 1 | |
| Arcane Tower | 2 | |
| Guard Tower | 4 | |
| Arcane Vault | 1 | |
| Blacksmith | 1 | |
| Arcane Sanctum | 1 | |
| Castle | 1 | |
| Workshop | 1 | |
33 total
» build order
00:07 Altar of Kings
00:15 Barracks
00:32 Farm
01:42 Farm
01:57 Farm
02:51 Farm
03:16 Lumber Mill
03:45 Farm
03:52 Farm
05:11 Scout Tower
05:27 Keep
05:50 Town Hall
05:54 Scout Tower
06:05 Arcane Tower
06:07 Scout Tower
06:12 Scout Tower
06:23 Arcane Tower
06:44 Guard Tower
07:13 Scout Tower
08:00 Arcane Vault
08:07 Guard Tower
08:09 Scout Tower
08:19 Blacksmith
08:30 Arcane Sanctum
08:59 Farm
09:00 Farm
09:26 Guard Tower
11:00 Castle
11:03 Workshop
11:18 Scout Tower
12:20 Guard Tower
12:24 Farm
12:25 Farm
» items
| Potion of Healing | 3 | |
| Scroll of Regeneration | 1 | |
| Staff of Sanctuary | 1 | |
| Orb of Fire | 1 | |
6 total
team 2 (loser)
Operator420 (
red | 22 APM | 389 actions | 17:18)
2 Death Knight
1 Death Coil
1 Unholy Aura
» actions
| Build / train | 42 | |
| ESC pressed | 2 | |
| Enter build submenu | 29 | |
| Enter hero's abilities submenu | 2 | |
| Right click | 143 | |
| Select / deselect | 130 | |
| Use ability | 41 | |
389 total
» units
| Acolyte | 2 | |
| Ghoul | 21 | |
| Crypt Fiend | 4 | |
27 total
» upgrades
» buildings
| Ziggurat | 19 | |
| Altar of Darkness | 1 | |
| Crypt | 2 | |
| Halls of the Dead | 1 | |
| Tomb of Relics | 1 | |
| Graveyard | 1 | |
| Slaughterhouse | 2 | |
| Spirit Tower | 6 | |
| Nerubian Tower | 1 | |
| Necropolis | 1 | |
35 total
» build order
00:08 Ziggurat
00:14 Altar of Darkness
00:39 Crypt
01:48 Ziggurat
03:18 Halls of the Dead
05:15 Tomb of Relics
05:24 Ziggurat
05:33 Graveyard
09:04 Ziggurat
09:28 Slaughterhouse
09:56 Slaughterhouse
12:19 Spirit Tower
12:24 Nerubian Tower
12:30 Spirit Tower
12:32 Spirit Tower
13:52 Crypt
14:05 Ziggurat
14:14 Ziggurat
14:29 Ziggurat
15:01 Ziggurat
15:03 Spirit Tower
15:31 Ziggurat
15:41 Necropolis
15:58 Spirit Tower
16:10 Ziggurat
16:14 Ziggurat
16:17 Ziggurat
16:20 Ziggurat
16:24 Ziggurat
16:28 Ziggurat
16:31 Ziggurat
16:34 Ziggurat
16:37 Ziggurat
16:41 Ziggurat
17:05 Spirit Tower
» items
| Potion of Healing | 2 | |
| Potion of Mana | 1 | |
3 total
Chat log
(00:16 / All) ROTS19: Hi
(16:36 / All) ROTS19: what are you doing?